 Dungeon Crawl Stone Soup version 0.26-a0-708-g17f3b190f9 (webtiles) character file.

Game seed: 3618747188944436676

2 vt the Sneak (level 1, -1/18 HPs)
             Began as a Human Delver on Oct 27, 2020.
             Killed from afar by an orc wizard (5 damage)
             ... with a magic dart
             ... on level 6 of the Dungeon.
             The game lasted 00:01:01 (67 turns).

vt the Sneak (Human Delver)                           Turns: 67, Time: 00:01:02

Health: -1/18      AC:  3    Str: 12    XL:     1   Next: 33%
Magic:  1/1        EV: 12    Int: 10    God:
Gold:   18         SH:  0    Dex: 14    Spells: 0/0 levels left

rFire    + . .     SeeInvis .   a - +0 short sword
rCold    x . .     Faith    .   (no shield)
rNeg     . . .     Spirit   .   b - +0 leather armour
rPois    .         Reflect  .   (no helmet)
rElec    .         Harm     .   (no cloak)
rCorr    .         Rampage  .   (no gloves)
MR       .....                  (no boots)
Stlth    +++.......             d - amulet of regeneration
HPRegen  0.46/turn              i - ring of fire
MPRegen  0.07/turn              (no ring)

@: stab, hasted, very quick
A: no striking features
a: no special abilities


You were on level 6 of the Dungeon.
You visited 1 branch of the dungeon, and saw 2 of its levels.

You collected 18 gold pieces.

Inventory:

Hand Weapons
 a - a +0 short sword (weapon)
Armour
 b - a +0 leather armour (worn)
Jewellery
 d - an amulet of regeneration (around neck)
   (You found it on level 6 of the Dungeon)
 i - a ring of fire (left hand)
   (You found it on level 6 of the Dungeon)
Wands
 g - a wand of digging (3)
Scrolls
 c - a scroll of fog
 e - a scroll of fear


   Skills:
 + Level 3.1 Fighting
 - Level 2.0 Short Blades
 - Level 2.0 Dodging
 - Level 5.0 Stealth


You couldn't memorise any spells.
You didn't know any spells.
Your spell library was empty.

Dungeon Overview and Level Annotations

Branches:
Dungeon (6/15)
 Temple: D:4-7

Altars:


Message History

Welcome, vt the Human Delver.
Will you prevail where others failed? Will you find the Orb of Zot?
Press ? for a list of commands and other information.
Found a stone staircase leading down.
As you read the scroll of magic mapping, it crumbles to dust.
You feel aware of your surroundings.
You climb downwards.
A ball python comes into view.
You open the door.
You now have 18 gold pieces.
d - a small golden amulet You start putting on your amulet.
You continue putting on your small golden amulet. x5
You finish putting on your uncursed amulet of regeneration.
The amulet throbs as it attunes itself to your uninjured body.
d - an amulet of regeneration (around neck) Autopickup is now off.
You open the door.
You see here a golden potion.
You see here a golden potion.
h - a golden potion You open the door.
You open the door.
Found a notched cabochon ring and a trident.
Found a stone staircase leading down.
An orc comes into view. It is wielding a +0 club.
An orc comes into view.
The orc shouts!
You see here a notched cabochon ring.
You feel more attuned to fire.
i - a ring of fire (left hand)
An orc comes into view. It is wielding a +0 hand axe.
An orc wizard comes into view. It is wielding a +0 dagger.
The orc wizard shouts!
You hear a shout! x2
You hit the orc.
The orc is severely wounded.
The orc closely misses you.
You hit the orc.
You kill the orc!
You close the door, pushing everything out of the way.
Something unseen opens the door.
The orc throws a boomerang.
The boomerang barely misses you.
The weapon returns to the orc!
As you close the door, it creaks loudly!
Something unseen opens the door.
The orc throws a boomerang.
The boomerang closely misses you.
The weapon returns to the orc!
Evoke which item? (* to show all) (? for menu, Esc to quit)
Okay, then.
The orc wizard points at you and mumbles some strange words.
The magic dart hits you.
You hit the orc wizard.
The orc wizard is lightly wounded.
The orc wizard barely misses you.
You closely miss the orc wizard.
The orc wizard is lightly wounded.
The orc wizard hits you with a +0 dagger.
You barely miss the orc wizard.
The orc wizard is lightly wounded.
The orc throws a boomerang.
The boomerang closely misses you.
The weapon returns to the orc!
You feel yourself speed up.
The orc wizard hits you but does no damage.
The orc throws a boomerang.
The boomerang barely misses you.
The weapon returns to the orc!
You closely miss the orc wizard.
The orc wizard is lightly wounded.
The orc wizard casts a spell at you. The puff of frost hits you!
You feel a terrible chill!
Ouch! That really hurt!
* * * LOW HITPOINT WARNING * * *
It was a potion of stabbing.
You feel ready to backstab.
The orc throws a boomerang.
The boomerang closely misses you.
The weapon returns to the orc!
You hit the orc wizard.
The orc wizard is moderately wounded.
The orc wizard points at you and mumbles some strange words.
The magic dart hits you.
You die...

░░'░....................
...░....................
...░........░░'░.....░░
░░░░........░..░.....░
..........░..░.....░
..........░..░.....░░░░░
...........░░░░░░░......░
. .........░.....░......░
..[..░░+░░.[o@.'......░
.... ░░░o░░░......░
░..o..░......░
░....o░░+░░░░░
░.)>...oo.. ░.....░░o..
░.....░ .. ░.....░ .
░.....+


You could see an orc wizard and 2 orcs.

Vanquished Creatures
  An orc (D:6)
1 creature vanquished.

Notes
Turn   | Place    | Note
-------+----------+-------------------------------------------
     0 | D:5      | vt the Human Delver began the quest for the Orb.
     0 | D:5      | Reached XP level 1. HP: 18/18 MP: 1/1
    50 | D:6      | Noticed an orc wizard
    65 | D:6      | HP: 3/18 [orc wizard/puff of frost (9)]
    67 | D:6      | Killed from afar by an orc wizard

Illustrated notes

Levels and vault maps discovered:
D:5:      layout_basic, uniq_blork_the_orc
D:6:      layout_gridville, gammafunk_temple_overflow_forgotten, serial_shops,
          nicolae_shop_window_shopping, uniq_prince_ribbit1

Action                   || total
-------------------------++-------
Melee: Short sword       ||     7
  Use: Potion            ||     2
       Scroll            ||     1
Armor: Leather armour    ||     1
Dodge: Dodged            ||     7

Table legend: (Time is in decaauts)
 A = Elapsed time spent in this place.
 B = Non-inter-level travel time spent in this place.
 C = Inter-level travel time spent in this place.
 D = Time resting spent in this place.
 E = Time spent auto-exploring this place.
 F = Levels seen in this place.
 G = Mean time per level.
                   A        B        C        D        E       F      G
               +--------+--------+--------+--------+--------+-----+--------+
         Total |     65 |     65 |      0 |      0 |      0 |   2 |   32.5 |
       Dungeon |     65 |     65 |      0 |      0 |      0 |   2 |   32.5 |
               +--------+--------+--------+--------+--------+-----+--------+

Top non-repeatable levels by time:
     D:6: 63 daAuts
     D:5: 2 daAuts

Table legend:
 A = Kills in this place as a percentage of kills in entire the game.
 B = Kills by you in this place as a percentage of kills by you in the entire game.
 C = Kills by friends in this place as a percentage of kills by friends in the entire game.
 D = Other kills in this place as a percentage of other kills in the entire game.
 E = Experience gained in this place as a percentage of experience gained in the entire game.
 F = Experience gained in this place divided by the number of levels of this place that you have seen.
                   A       B       C       D       E      F
               +-------+-------+-------+-------+-------+----------------------
         Total | 100.0 | 100.0 |   N/A |   N/A | 100.0 |   1.5
       Dungeon | 100.0 | 100.0 |   N/A |   N/A | 100.0 |   1.5
               +-------+-------+-------+-------+-------+----------------------
